 Dungeon Crawl Stone Soup version 0.27.1 (webtiles) character file.

Game seed: 8688638365820000887

486 ZARRMARR the Sneak (level 7, -9/46 HPs)
             Began as an Octopode Transmuter on Sept 3, 2021.
             Killed by divine providence
             ... invoked by an orc priest
              (11 damage)
             ... on level 4 of the Dungeon.
             The game lasted 00:16:00 (6239 turns).

ZARRMARR the Sneak (Octopode Transmuter)            Turns: 6239, Time: 00:16:00

Health: -9/46      AC:  1    Str: 10    XL:     7   Next: 13%
Magic:  11/11      EV: 14    Int: 17    God:
Gold:   325        SH:  0    Dex: 12    Spells: 11/12 levels left

rFire    . . .     SeeInvis .     - Unarmed
rCold    . . .     Faith    .   (no shield)
rNeg     . . .     Spirit   .   (helmet currently unavailable)
rPois    .         Reflect  .   (no amulet)
rElec    .         Harm     .   (no ring)
rCorr    .         Rampage  .   (no ring)
Will     .....                  (no ring)
Stlth    +++.......             (no ring)
HPRegen  0.15/turn              (no ring)
MPRegen  0.12/turn              (no ring)
                                (no ring)
                                (no ring)

@: appendages
A: tentacle spike 3, almost no armour, amphibious, 8 rings, camouflage 1,
gelatinous body 1, (nimble swimmer 1), tentacles
a: End Transformation


You were on level 4 of the Dungeon.
One of your tentacles had grown a beastly spike.
You visited 1 branch of the dungeon, and saw 5 of its levels.

You collected 325 gold pieces.

Inventory:

Missiles
 e - a throwing net
 j - 13 boomerangs (quivered)
Wands
 p - a wand of iceblast (8)
Scrolls
 a - a scroll of magic mapping
 b - a scroll of silence
 g - 2 scrolls of teleportation
 k - a scroll of amnesia {unknown}
Potions
 c - a potion of curing {unknown}
 d - a potion of cancellation {unknown}
 f - 5 potions of attraction {unknown}
 h - a potion of brilliance {unknown}
 i - a potion of invisibility {unknown}
 l - a potion of mutation {unknown}
 m - 2 potions of heal wounds {unknown}
 o - a potion of flight {unknown}


   Skills:
 + Level 3.0 Fighting
 + Level 3.4 Dodging
 + Level 4.3 Stealth
 + Level 4.1 Unarmed Combat
 + Level 3.2 Spellcasting
 + Level 3.3 Transmutations


You had 11 spell levels left.
You knew the following spells:

 Your Spells              Type           Power      Damage    Failure   Level
a - Beastly Appendage     Tmut           28%        N/A       4%          1

Your spell library contained the following spells:

 Spells                   Type           Power      Damage    Failure   Level
 Wereblood                Tmut           14%        N/A       6%          2
 Corona                   Hex            2%         N/A       17%         1
 Ensorcelled Hibernation  Hex/Ice        4%         N/A       26%         2
 Slow                     Hex            2%         N/A       26%         2
 Spider Form              Tmut/Pois      4%         N/A       26%         3
 Confusing Touch          Hex            2%         N/A       45%         3
 Summon Guardian Golem    Hex/Summ       2%         N/A       45%         3
 Tukima's Dance           Hex            2%         N/A       45%         3
 Ice Form                 Ice/Tmut       8%         N/A       63%         4
 Yara's Violent Unravell  Hex/Tmut       4%         3d4       93%         5
 Orb of Destruction       Conj           1%         N/A       100%        7
 Spellforged Servitor     Conj/Summ      1%         N/A       100%        7


Dungeon Overview and Level Annotations

Branches:
Dungeon (5/15)
 Temple: D:4-7

Altars:

Annotations:
D:3 Sigmund


Innate Abilities, Weirdness & Mutations

One of your tentacles has grown a beastly spike.
You cannot wear most types of armour.
You are amphibious.
You can wear up to eight rings at the same time.
Your skin changes colour to match your surroundings (Stealth+).
Your rubbery body absorbs attacks. (AC +1, EV +1)
((You are camouflaged near water. (Stealth+)))
You have tentacles for arms and can constrict up to eight enemies at once.


Message History

The boomerang hits the orc warrior but does no damage.
The orc warrior closely misses you.
You barely miss the orc warrior. You grab the orc warrior.
You pierce the orc warrior.
The orc warrior is lightly wounded.
You constrict the orc warrior. The orc warrior misses you.
You tentacle-slap the orc warrior.
You pierce the orc warrior.
The orc warrior is heavily wounded.
You constrict the orc warrior.
The orc warrior hits you with a +0 mace.
You tentacle-slap the orc warrior.
You pierce the orc warrior, but do no damage.
Your squeeze misses the orc warrior.
The orc warrior is severely wounded.
You constrict the orc warrior, but do no damage.
An orc priest comes into view. It is wielding a +0 flail.
The orc warrior hits you with a +0 mace!
As you read the scroll of summoning, it crumbles to dust.
Wisps of shadow whirl around you...
You constrict the orc warrior.
The orc warrior hits you with a +0 mace.
You tentacle-slap the orc warrior but do no damage.
You pierce the orc warrior.
The orc warrior is severely wounded.
You constrict the orc warrior, but do no damage.
You tentacle-slap the orc warrior but do no damage.
You pierce the orc warrior, but do no damage.
Your squeeze misses the orc warrior.
The orc warrior is severely wounded.
You constrict the orc warrior.
The orc warrior hits you with a +0 mace!
* * * LOW HITPOINT WARNING * * *
You tentacle-slap the orc warrior.
You pierce the orc warrior, but do no damage.
The orc warrior is almost dead.
You constrict the orc warrior, but do no damage.
The orc warrior closely misses you.
Your phantom hits the orc warrior but does no damage.
The orc priest calls down the wrath of Beogh upon you.
Beogh smites you!
You die...

#.# #o# #.# #.# #.# #.# ##
#.#### #.### #.#
.########....###...# #.#
#...............##.# #.#
.###########.##.##.# #.# .##
##...o##.# #.# ..##
##....o##.# #.#
...#######.....W@#.## #.#
....##.##.......S...#######.#
#.....<.#...................#
.†..##.##...........#########
...###...........#.## ..##
######.....##.# ###
#............# #.#####.######
#.# #.#


You could see an orc warrior (ally target), an orc priest, a friendly phantom
(summoned) and a friendly ball python (summoned).

Vanquished Creatures
  3 scorpions (D:5)
  A water moccasin zombie (D:5)
  A bullfrog zombie (D:5)
  2 hounds (D:5)
  An iguana (D:5)
  Robin (D:4)
  5 adders
  An ufetubus (D:5)
  2 dart slugs
  An orc (D:5)
  5 ball pythons
  3 bats (D:2)
  7 endoplasms
  2 giant cockroaches
  9 goblins
  11 hobgoblins
  6 jackals
  7 kobolds
  3 frilled lizards
  4 rats
75 creatures vanquished.

Notes
Turn   | Place    | Note
-------+----------+-------------------------------------------
     0 | D:1      | ZARRMARR the Octopode Transmuter began the quest for the
                  | Orb.
     0 | D:1      | Reached XP level 1. HP: 13/13 MP: 3/3
   123 | D:1      | Reached XP level 2. HP: 13/18 MP: 5/5
   231 | D:1      | Found a faded altar of an unknown god.
   612 | D:1      | Reached skill level 1 in Stealth
  1722 | D:2      | Reached XP level 3. HP: 18/23 MP: 4/6
  2404 | D:2      | Reached XP level 4. HP: 25/28 MP: 5/7
  3267 | D:3      | Noticed Sigmund
  3421 | D:4      | Noticed Robin
  3684 | D:4      | Killed Robin
  3881 | D:4      | Noticed a necrophage
  4090 | D:3      | Noticed a sky beast
  4393 | D:3      | Reached XP level 5. HP: 34/34 MP: 6/8
  4885 | D:4      | Noticed an orc warrior
  4921 | D:5      | Entered Level 5 of the Dungeon
  5264 | D:5      | Reached XP level 6. HP: 41/41 MP: 10/10
  5862 | D:5      | Noticed a water moccasin
  6161 | D:5      | Noticed an ice beast
  6163 | D:5      | Reached XP level 7. HP: 36/46 MP: 11/11
  6238 | D:4      | HP: 2/46 [orc warrior (14)]
  6239 | D:4      | Killed from afar by an orc priest

Illustrated notes

Levels and vault maps discovered:
D:1:      dpeg_arrival_connections, layout_loops_corners,
          hellmonk_ecumenical_altar_slurped_away, serial_glass, glass_columns_a,
          glass_columns_a
D:2:      layout_loops_ring, minmay_misc_feat_plants, minivault_11,
          minmay_pentomino_t4
D:3:      layout_loops_ring, chequers_garden, uniq_sigmund
D:4:      layout_loops_ring, uniq_robin
D:5:      layout_loops_ring, grunt_decor_mini_mirrors

Skill      XL: |  1  2  3  4  5  6 |
---------------+-------------------+-----
Stealth        | 1 2 3 4 |  4.3
Fighting       | 2 3 |  3.0
Dodging        | 3 |  3.4
Transmutations | 3 |  3.3
Spellcasting   | 3 |  3.2
Unarmed Combat | 4 |  4.1

Action                   |  1- 3 |  4- 6 |  7- 9 || total
-------------------------+-------+-------+-------++-------
Melee: Unarmed           |    79 |   106 |     6 ||   191
       Constrict         |    19 |    30 |     1 ||    50
       Kick              |    19 |    31 |     6 ||    56
       Tentacles         |    10 |    14 |       ||    24
       Punch             |     2 |     1 |       ||     3
Throw: Boomerang         |       |     2 |     2 ||     4
 Cast: Beastly Appendage |    21 |    33 |     1 ||    55
  Use: Scroll            |     5 |     4 |     1 ||    10
 Stab: Sleeping          |     4 |     4 |       ||     8
Armor: Skin              |     1 |     6 |       ||     7
Dodge: Dodged            |    40 |    64 |     3 ||   107
